MID
BOWLING GREEN HOT RODS @ BELOIT SNAPPERS
05/13/2099
 
TOP OF THE 1ST
Bowling Green Hot Rods batting - Pitching for Beloit Snappers : RHP Tim Whitehead
Pitching: RHP Tim Whitehead
Batting: RHB Mike Lopez 0-0: Ball
1-0: Called Strike
1-1: Ball
2-1: Called Strike
2-2: Foul Ball, location: 9LDF
2-2: Strikes out swinging, 2-3 out at first.
Batting: SHB Steve Roser 0-0: Ball
1-0: Ball
2-0: Ball
3-0: Called Strike
3-1: Called Strike
3-2: Strikes out swinging
Batting: RHB Josh Melchior 0-0: Called Strike
0-1: Foul Ball, location: 2F
0-2: Ball
1-2: Ball
2-2: Strikes out swinging
Top of the 1st over - 0 runs, 0 hits, 0 errors, 0 left on base; Bowling Green 0 - Beloit 0
BOTTOM OF THE 1ST
Beloit Snappers batting - Pitching for Bowling Green Hot Rods : RHP Jesse Aguiar
Pitching: RHP Jesse Aguiar
Batting: LHB Craig Svare 0-0: Called Strike
0-1: Ground out 4-3 (Groundball, 4MS, EV 73.8 MPH)
Batting: LHB Chris Taylor 0-0: Foul Ball, location: 2F
0-1: Called Strike
0-2: Ball
1-2: Strikes out swinging
Batting: RHB Justin Hagwood 0-0: DOUBLE (Line Drive, 7LS, EV 95.6 MPH)
Batting: RHB David Salinas 0-0: Ball
1-0: Swinging Strike
1-1: Called Strike
1-2: Foul Ball, location: 3DF
1-2: Foul Ball, location: 5FF
1-2: Strikes out looking
Bottom of the 1st over - 0 runs, 1 hit, 0 errors, 1 left on base; Bowling Green 0 - Beloit 0
TOP OF THE 2ND
Bowling Green Hot Rods batting - Pitching for Beloit Snappers : RHP Tim Whitehead
Batting: LHB Ruben Montero 0-0: Foul Ball, location: 7LDF
0-1: Swinging Strike
0-2: Ball
1-2: Strikes out swinging
Batting: RHB Zach Frederick 0-0: Called Strike
0-1: Ball
1-1: Foul Ball, location: 2F
1-2: Foul Ball, location: 7LMF
1-2: Ball
2-2: Ground out U3 (Groundball, 3S, EV 91.9 MPH)
Batting: LHB Bryan Souder 0-0: Called Strike
0-1: Foul Ball, location: 2F
0-2: Foul Ball, location: 2F
0-2: Hit by Pitch
Batting: SHB Andy Jones 0-0: Ball
1-0: Ball
2-0: Ball
3-0: Called Strike
3-1: Base on Balls
Bryan Souder to second
Batting: RHB Ryan Hildebrand 0-0: Fly out, F9 (Flyball, 89S, EV 89.4 MPH)
Top of the 2nd over - 0 runs, 0 hits, 0 errors, 2 left on base; Bowling Green 0 - Beloit 0
BOTTOM OF THE 2ND
Beloit Snappers batting - Pitching for Bowling Green Hot Rods : RHP Jesse Aguiar
Batting: RHB Curt Lowery 0-0: Foul Ball, location: 2F
0-1: Ground out 4-3 (Groundball, 4, EV 102.5 MPH)
Batting: LHB Andres Rivera 0-0: Ball
1-0: Ground out 4-3 (Groundball, 34, EV 83.8 MPH)
Batting: SHB Dave Feltham 0-0: Foul Ball, location: 2LF
0-1: Foul Ball, location: 23FF
0-2: Ball
1-2: Fly out, F8 (Flyball, 8LD, EV 103.8 MPH)
Bottom of the 2nd over - 0 runs, 0 hits, 0 errors, 0 left on base; Bowling Green 0 - Beloit 0
TOP OF THE 3RD
Bowling Green Hot Rods batting - Pitching for Beloit Snappers : RHP Tim Whitehead
Batting: RHB Juan Parga 0-0: Ball
1-0: SINGLE (Line Drive, 8LS, EV 92.5 MPH)
Batting: RHB Mike Lopez 0-0: Ball
1-0: Sac Bunt to P - play at first, batter OUT! 1-3
Juan Parga to second
Batting: SHB Steve Roser 0-0: Ball
1-0: Ball
2-0: Ball
3-0: Called Strike
3-1: Base on Balls
Batting: RHB Josh Melchior 0-0: Fielders Choice at 2nd, 1-4 (Groundball, 15S, EV 67.5 MPH)
Juan Parga to third
Batting: LHB Ruben Montero 0-0: Ball
1-0: Called Strike
1-1: Ball
2-1: Foul Ball, location: 2F
2-2: Foul Ball, location: 2F
2-2: SINGLE (Line Drive, 9S, EV 105.6 MPH)
Juan Parga scores
Josh Melchior to second
Batting: RHB Zach Frederick 0-0: Foul Ball, location: 2F
0-1: Foul Ball, location: 2F
0-2: Foul Ball, location: 23F
0-2: Ball
1-2: Foul Ball, location: 3F
1-2: Ball
2-2: Strikes out looking
Top of the 3rd over - 1 run, 2 hits, 0 errors, 2 left on base; Bowling Green 1 - Beloit 0
BOTTOM OF THE 3RD
Beloit Snappers batting - Pitching for Bowling Green Hot Rods : RHP Jesse Aguiar
Batting: RHB Josh Lang 0-0: Foul Ball, location: 2F
0-1: Swinging Strike
0-2: Ball
1-2: Ball
2-2: Strikes out swinging
Batting: RHB Chris Makar 0-0: Fly out, F5 (Line Drive, 5L, EV 71.9 MPH)
Batting: LHB Craig Svare 0-0: Ball
1-0: Foul Ball, location: 2RF
1-1: Fly out, F8 (Flyball, 8RM, EV 91.9 MPH)
Bottom of the 3rd over - 0 runs, 0 hits, 0 errors, 0 left on base; Bowling Green 1 - Beloit 0
TOP OF THE 4TH
Bowling Green Hot Rods batting - Pitching for Beloit Snappers : RHP Tim Whitehead
Batting: LHB Bryan Souder 0-0: Fly out, F7 (Flyball, 78M, EV 81.9 MPH)
Batting: SHB Andy Jones 0-0: Fly out, F4 (Popup, 34D, EV 62.5 MPH)
Batting: RHB Ryan Hildebrand 0-0: Ball
1-0: DOUBLE (Line Drive, 9LM, EV 105.6 MPH)
Batting: RHB Juan Parga 0-0: Called Strike
0-1: Ball
1-1: Swinging Strike
1-2: Fly out, F4 (Popup, 4MS, EV 64.4 MPH)
Top of the 4th over - 0 runs, 1 hit, 0 errors, 1 left on base; Bowling Green 1 - Beloit 0
BOTTOM OF THE 4TH
Beloit Snappers batting - Pitching for Bowling Green Hot Rods : RHP Jesse Aguiar
Batting: LHB Chris Taylor 0-0: Foul Ball, location: 3F
0-1: Ball
1-1: Ball
2-1: Ball
3-1: Base on Balls
Batting: RHB Justin Hagwood 0-0: Ball
1-0: Called Strike
1-1: DOUBLE (Groundball, 5L, EV 101.9 MPH)
Chris Taylor to third
Batting: RHB David Salinas 0-0: Called Strike
0-1: Fly out, F8 (Flyball, 8RS, EV 90.0 MPH)
Batting: RHB Curt Lowery 0-0: Ball
1-0: Foul Ball, location: 25F
1-1: SINGLE (Line Drive, 8RS, EV 109.4 MPH)
Chris Taylor scores
Justin Hagwood to third
Runner from 3rd tries for Home, SAFE, throw by CF to home
Batting: LHB Andres Rivera 0-0: Ball
1-0: Ball
2-0: SINGLE (Line Drive, 34, EV 110.0 MPH)
Curt Lowery to second
Batting: SHB Dave Feltham 0-0: Called Strike
0-1: Swinging Strike
0-2: Ball
1-2: DOUBLE (Line Drive, 9LS, EV 91.3 MPH)
Curt Lowery scores
Andres Rivera to third
Runner from 3rd tries for Home, SAFE, throw by RF to trailing runner, SAFE at third!
Batting: RHB Josh Lang 0-0: Ball
1-0: Ball
2-0: Called Strike
2-1: DOUBLE (Line Drive, 89M, EV 106.3 MPH)
Dave Feltham scores
Batting: RHB Chris Makar 0-0: Ball
1-0: Called Strike
1-1: Foul Ball, location: 5F
1-2: Ball
2-2: Strikes out swinging
Batting: LHB Craig Svare 0-0: Fly out, F7 (Flyball, 7, EV 91.9 MPH)
Bottom of the 4th over - 5 runs, 5 hits, 0 errors, 1 left on base; Bowling Green 1 - Beloit 5
TOP OF THE 5TH
Bowling Green Hot Rods batting - Pitching for Beloit Snappers : RHP Tim Whitehead
Batting: RHB Mike Lopez 0-0: Swinging Strike
0-1: Called Strike
0-2: Ball
1-2: Foul Ball, location: 2F
1-2: Strikes out swinging
Batting: SHB Steve Roser 0-0: Ground out 5-3 (Groundball, 56, EV 78.8 MPH)
Batting: RHB Josh Melchior 0-0: Swinging Strike
0-1: Fly out, F2 (Popup, 3SF, EV 78.8 MPH)
Top of the 5th over - 0 runs, 0 hits, 0 errors, 0 left on base; Bowling Green 1 - Beloit 5
BOTTOM OF THE 5TH
Beloit Snappers batting - Pitching for Bowling Green Hot Rods : RHP Jesse Aguiar
Batting: LHB Chris Taylor 0-0: Ball
1-0: Ball
2-0: Fly out, F6 (Popup, 4M, EV 68.1 MPH)
Batting: RHB Justin Hagwood 0-0: Called Strike
0-1: Ball
1-1: Fly out, F7 (Flyball, 7D, EV 95.6 MPH)
Batting: RHB David Salinas 0-0: Foul Ball, location: 2F
0-1: SINGLE (Flyball, 5D, EV 91.3 MPH)
Batting: RHB Curt Lowery 0-0: Ball
1-0: Fly out, F9 (Flyball, 9, EV 75.0 MPH)
Bottom of the 5th over - 0 runs, 1 hit, 0 errors, 1 left on base; Bowling Green 1 - Beloit 5
TOP OF THE 6TH
Bowling Green Hot Rods batting - Pitching for Beloit Snappers : RHP Tim Whitehead
Batting: LHB Ruben Montero 0-0: Ball
1-0: Ball
2-0: Ball
3-0: Called Strike
3-1: Foul Ball, location: 25F
3-2: Strikes out looking
Batting: RHB Zach Frederick 0-0: Ball
1-0: Called Strike
1-1: Called Strike
1-2: Ball
2-2: Foul Ball, location: 3SF
2-2: Ball
3-2: Strikes out swinging
Batting: LHB Bryan Souder 0-0: Ball
1-0: Fly out, F6 (Popup, 6, EV 76.9 MPH)
Top of the 6th over - 0 runs, 0 hits, 0 errors, 0 left on base; Bowling Green 1 - Beloit 5
BOTTOM OF THE 6TH
Beloit Snappers batting - Pitching for Bowling Green Hot Rods : RHP Jesse Aguiar
Batting: LHB Andres Rivera 0-0: Ball
1-0: Foul Ball, location: 7LSF
1-1: Ground out 4-3 (Groundball, 4M, EV 88.1 MPH)
Batting: SHB Dave Feltham 0-0: Ball
1-0: Ball
2-0: Ground out U3 (Groundball, 3, EV 98.8 MPH)
Batting: RHB Josh Lang 0-0: Called Strike
0-1: Ball
1-1: Foul Ball, location: 9LSF
1-2: Fly out, F2 (Popup, 23F, EV 85.0 MPH)
Bottom of the 6th over - 0 runs, 0 hits, 0 errors, 0 left on base; Bowling Green 1 - Beloit 5
TOP OF THE 7TH
Bowling Green Hot Rods batting - Pitching for Beloit Snappers : RHP Tim Whitehead
Pitching: RHP Alex Medrano
Batting: SHB Andy Jones 0-0: Called Strike
0-1: Ball
1-1: Ball
2-1: Called Strike
2-2: Ball
3-2: Base on Balls
Batting: RHB Ryan Hildebrand 0-0: Ball
1-0: Fielders Choice at 2nd, 4-6 (Groundball, 34, EV 86.9 MPH)
Batting: RHB Juan Parga 0-0: Called Strike
0-1: Ball
1-1: Foul Ball, location: 5DF
1-2: 2-RUN HOME RUN (Flyball, 78XD, EV 98.8 MPH), Distance : 386 ft
Pinch Hitting: LHB Sean Borel 0-0: SINGLE (Line Drive, 4D, EV 108.8 MPH)
Batting: SHB Steve Roser 0-0: Swinging Strike
0-1: Swinging Strike
0-2: Ball
1-2: Foul Ball, location: 2F
1-2: Strikes out swinging
Sean Borel is caught stealing 2nd base 2-6
Batter strikes out.
Top of the 7th over - 2 runs, 2 hits, 0 errors, 0 left on base; Bowling Green 3 - Beloit 5
BOTTOM OF THE 7TH
Beloit Snappers batting - Pitching for Bowling Green Hot Rods : RHP Jesse Aguiar
Now in LF: Sean Borel
Batting: RHB Chris Makar 0-0: Ball
1-0: Fly out, F8 (Flyball, 8LD, EV 100.0 MPH)
Batting: LHB Craig Svare 0-0: Ball
1-0: Foul Ball, location: 7LMF
1-1: Ball
2-1: Swinging Strike
2-2: Foul Ball, location: 2F
2-2: Fly out, F9 (Flyball, 89M, EV 81.3 MPH)
Batting: LHB Chris Taylor 0-0: Ball
1-0: Ball
2-0: Called Strike
2-1: Foul Ball, location: 2F
2-2: Strikes out swinging
Bottom of the 7th over - 0 runs, 0 hits, 0 errors, 0 left on base; Bowling Green 3 - Beloit 5
TOP OF THE 8TH
Bowling Green Hot Rods batting - Pitching for Beloit Snappers : RHP Alex Medrano
Pitching: RHP Travis Crum
Now at 2B: Brett Sarrica
Now in LF: Brian Phillips
Batting: RHB Josh Melchior 0-0: Ball
1-0: Called Strike
1-1: Called Strike
1-2: Foul Ball, location: 3DF
1-2: SINGLE (Flyball, 8RS, EV 100.0 MPH)
Batting: LHB Ruben Montero 0-0: Swinging Strike
0-1: Ball
1-1: Ball
2-1: Swinging Strike
2-2: Strikes out looking
Batting: RHB Zach Frederick 0-0: Ball
1-0: Ball
2-0: Grounds into double play, 4-6-3 (Groundball, 4, EV 85.6 MPH)
Top of the 8th over - 0 runs, 1 hit, 0 errors, 0 left on base; Bowling Green 3 - Beloit 5
BOTTOM OF THE 8TH
Beloit Snappers batting - Pitching for Bowling Green Hot Rods : RHP Jesse Aguiar
Pitching: RHP Amari Pedicone
Batting: RHB Justin Hagwood 0-0: Ball
1-0: Swinging Strike
1-1: Ball
2-1: Foul Ball, location: 9LSF
2-2: Foul Ball, location: 3SF
2-2: Fly out, F9 (Flyball, 9S, EV 86.9 MPH)
Batting: RHB David Salinas 0-0: Ball
1-0: Ball
2-0: Ball
3-0: Called Strike
3-1: Ground out U3 (Groundball, 13, EV 79.4 MPH)
Batting: RHB Curt Lowery 0-0: Called Strike
0-1: Ground out U3 (Groundball, 3, EV 66.9 MPH)
Bottom of the 8th over - 0 runs, 0 hits, 0 errors, 0 left on base; Bowling Green 3 - Beloit 5
TOP OF THE 9TH
Bowling Green Hot Rods batting - Pitching for Beloit Snappers : RHP Travis Crum
Now at 1B: Brett Sarrica
Now at 2B: David Salinas
Now at SS: Keith Lirette
Batting: LHB Bryan Souder 0-0: Swinging Strike
0-1: Ball
1-1: Foul Ball, location: 2F
1-2: Strikes out swinging
Batting: SHB Andy Jones 0-0: Ball
1-0: Swinging Strike
1-1: Fly out, F8 (Flyball, 8LS, EV 90.6 MPH)
Batting: RHB Ryan Hildebrand 0-0: SINGLE (Groundball, 4MD, EV 109.4 MPH)
Batting: RHB Juan Parga 0-0: Fly out, F8 (Flyball, 89M, EV 85.6 MPH)
Top of the 9th over - 0 runs, 1 hit, 0 errors, 1 left on base; Bowling Green 3 - Beloit 5
Monday, May 6th , 2024 - OOTP Baseball 24.11 Build 85